[Event "Superbet Blitz Poland 2022"]
[Site "Warsaw"]
[Date "2022.05.22"]
[Round "7.3"]
[White "Rapport, Richard"]
[Black "Shevchenko, Kirill"]
[Result "1/2-1/2"]
[ECO "B30"]
[WhiteElo "2776"]
[BlackElo "2644"]
[Annotator "TA"]
[PlyCount "150"]
[EventDate "2022.05.22"]
[EventType "tourn"]
[EventCountry "POL"]
[SourceTitle "playchess.com"]
[Source "ChessBase"]
[SourceQuality "1"]
[TimeControl "300+2"]

1. e4 {[%emt 0:00:03] ChessBase II} c5 2. Nc3 Nc6 3. Bb5 Nd4 4. Nf3 e6 5. O-O a6 6. Bd3 Nc6 7. Be2 Nd4 $1 {[%emt 0:00:01][%mdl 4] is currently scoring better than 7...Qc7.} 8. Bd3 Nc6 {[%emt 0:00:00] B30: Sicilian: 2...Nc6 3 Bb5, lines without ...g6.} 9. Nd5 g6 {[%emt 0:00:13] [#]} 10. c3 $1 Bg7 {[%emt 0:00:03] [#]} (10... d6 11. Ne3) 11. Ne3 $146 ({Predecessor:} 11. Re1 d6 12. Ne3 Nge7 13. Bf1 d5 14. exd5 exd5 15. d4 cxd4 16. cxd4 O-O 17. b3 Nf5 18. Ba3 Re8 19. Nxd5 Rxe1 20. Qxe1 Nfxd4 21. Nxd4 Bxd4 {½-½ (24) Maze,S (2579)-Demuth,A (2517) Brest 2019 CBM 190 Extra [ChessBase II]}) 11... Nge7 12. Bc2 d5 13. exd5 exd5 {[%emt 0:00:14] Hoping for ...d4.} 14. d4 cxd4 15. cxd4 O-O 16. Bb3 Qd6 17. h3 Bf5 18. Ng4 Be4 (18... Bxg4 $5 19. hxg4 Qd7 $15) 19. Nfe5 Nf5 {[%emt 0:00:01] Inhibits Nh6+.} (19... Bxe5 20. dxe5 Nxe5 21. Bf4 $18) 20. f3 Ncxd4 21. fxe4 Ng3 $36 {[%emt 0:00:01][%mdl 2048] Black has some pressure.} 22. Rf2 {[%emt 0:01:10] Inhibits Nge2+.} Nxb3 23. axb3 (23. Qxb3 $11 Bxe5 24. Nxe5 Qxe5 25. Bf4 Ne2+ 26. Rxe2 Qxf4 27. exd5) 23... Nxe4 $17 24. Nf3 Nxf2 25. Nxf2 Rfe8 26. Qd3 Rac8 27. Ng4 h5 28. Nh6+ Kf8 {[%emt 0:00:03][%cal Oc8c1] And now ...Rxc1+! would win.} 29. Bd2 Re4 (29... Bxb2 30. Rf1 $11) ({Better is} 29... Re7 $15) 30. Ng5 {[%emt 0:00:10][%csl LRe4,LRf7] Chess con chili. Pair of Knights!} Rd4 (30... Re7 $15 {stays ahead.} 31. Nh7+ Ke8) 31. Qf3 $1 $18 (31. Nh7+ Ke8 32. Qf3 f5 $11) 31... f5 {[%emt 0:00:02] [#]} (31... Bf6 $142) 32. Be3 $4 {[%emt 0:00:06][%mdl 8192] [#]} (32. Nxf5 $1 $18 Qb6 (32... gxf5 33. Qxf5+) 33. Nxd4+ Kg8 34. Be3 $1) 32... Bxh6 $1 $19 33. Bxd4 Bxg5 34. Rf1 Bf6 (34... Kf7 $19 {Strongly threatening ...Bf6.} 35. Rd1 Rc1 36. Rxc1 Bxc1) 35. Be3 (35. Bxf6 $17 {was forced.} Qxf6 36. Qxd5) 35... Kg7 (35... Bxb2 $2 36. Rd1 $19) 36. Bf4 (36. Rd1 $142) 36... Qc5+ 37. Kh1 Re8 (37... Bxb2 $2 38. Re1 $19) 38. Rc1 Qd4 39. Rd1 Qe4 (39... Qxb2 $2 40. Qxd5 Re7 41. Bd6 $19) 40. Rxd5 Qxf3 (40... Bxb2 $2 41. Bg5 $19) 41. gxf3 {[%emt 0:00:01][%mdl 4096] Endgame KRB-KRB} g5 (41... Bxb2 42. Rd7+ Kg8 43. Rxb7 $17) 42. Bd2 {[%emt 0:00:02] Inhibits Re1+.} f4 (42... Bxb2 43. Bxg5 Re6 44. Kg2 $17) 43. h4 Re5 ({Not} 43... gxh4 44. Rd7+ Kg6 45. Rxb7) 44. Rd7+ Re7 45. Rd5 Kg6 ({Worse is} 45... Bxb2 46. Rxg5+ Kh6 47. Rf5 $11 (47. Bxf4 Rf7 $11)) 46. hxg5 Bxg5 (46... Re5 $142 $1 47. Rd7 Kxg5) 47. Bc3 $17 Re6 {[%emt 0:00:02] Inhibits Rd6.} 48. Kg2 {[%emt 0:00:01] [#]} (48. Rd7 $17 {was called for.}) 48... Bf6 $1 $19 49. Bd2 Bxb2 50. Bxf4 Bf6 {[%emt 0:00:01] Against Rg5+} 51. Bd2 (51. Rd7 {might work better.}) 51... Re5 52. Rd6 Kf7 53. Rd7+ (53. f4 $142 Rb5 54. b4) 53... Re7 (53... Ke6 $19 54. Rd3 Rd5 55. Re3+ Kf5) 54. Rd5 (54. Rd6 $17) 54... h4 55. Kh3 Ke6 {[%emt 0:00:03] Prevents Rd6+.} 56. Rd3 (56. Rh5 $17 {only move.}) 56... Rd7 57. Re3+ Kf5 58. Be1 Bg5 59. Rc3 Rd1 60. Rc5+ $2 (60. Bf2) 60... Kg6 $2 (60... Kf4 $19 {has better winning chances.} 61. Ba5 {[#]} Kxf3 $1 62. Rc3+ Be3) 61. Kg4 $2 Be7 $2 (61... Rxe1 62. Rxg5+ Kf6 63. Rf5+ Ke6 64. Rf4 $17) (61... Be3 $19 62. Rc7 Rxe1 63. Rxb7 Bg5 64. Rb6+ Bf6) 62. Re5 $17 Bf6 ({Black should play} 62... Rd4+ $17 63. f4 Bd6 64. Rg5+ Kf7 65. Rf5+ Ke6 66. Bxh4 Rb4) 63. Re4 Rd3 (63... h3 $15 {might be stronger.} 64. Bg3 Rd5) 64. b4 (64. Re6 $1 $11 h3 65. Bg3 Rd4+ 66. Kxh3) 64... h3 $15 65. Bg3 Rb3 66. f4 (66. Kxh3 $15 Rxf3 67. Kg4) 66... Bc3 (66... Kf7 $17 {aiming for ...Be7.} 67. Kxh3 Be7) 67. Re3 $11 {[%emt 0:00:01] The position is equal.} b6 68. Kxh3 {[%emt 0:00:10] Kg4 is the strong threat.} a5 69. bxa5 bxa5 {[#]} 70. Be1 $1 Bxe1 (70... Kf5 71. Rf3) 71. Rxb3 Kf5 72. Rb1 Bd2 73. Kg2 Kxf4 74. Ra1 Ke3 75. Rxa5 Bxa5 {Whites escaped into a draw.  Weighted Error Value: White=0.38/Black=0.37} 1/2-1/2

[Event "Superbet Blitz Poland 2022"]
[Site "Warsaw"]
[Date "2022.05.22"]
[Round "7.4"]
[White "Wojtaszek, Radoslaw"]
[Black "Gavrilescu, David"]
[Result "1/2-1/2"]
[ECO "D50"]
[WhiteElo "2696"]
[BlackElo "2518"]
[Annotator "TA"]
[PlyCount "147"]
[EventDate "2022.05.22"]
[EventType "tourn"]
[EventCountry "POL"]
[SourceTitle "playchess.com"]
[Source "ChessBase"]
[SourceQuality "1"]
[TimeControl "300+2"]

1. c4 e6 2. Nc3 d5 3. d4 Nf6 4. Bg5 dxc4 5. e3 a6 6. Bxc4 {[%emt 0:00:13] D50: Queen's Gambit Declined: Dutch-Peruvian Gambit.} b5 {[%emt 0:00:06] 6...c5 deserves study.} 7. Be2 c5 {[%emt 0:00:12] [#]} 8. Bf3 $146 {[%emt 0:00:20] White is slightly better.} ({Predecessor:} 8. dxc5 Qxd1+ 9. Rxd1 Bb7 10. Bf3 Bxf3 11. Nxf3 Bxc5 12. Bxf6 gxf6 13. Ke2 Ke7 14. Ne4 {1-0 (68) Zvjaginsev,V (2664)-Kharlov,A (2581) Togliatti 2003}) 8... Ra7 9. Nge2 Bb7 10. Bxb7 (10. Bxf6 $5 gxf6 11. Bxb7 Rxb7 12. O-O $14) 10... Rxb7 11. O-O Nbd7 (11... Rd7 $14) 12. d5 ({White should try} 12. Ne4 $16) 12... exd5 13. Nxd5 Be7 14. Nxe7 {[%emt 0:00:08] White is more active.} ({Better is} 14. Ng3 $16 h6 15. Bf4) 14... Qxe7 $11 15. Nc3 Qe6 16. Qf3 Rb8 17. Bf4 Rd8 18. Rad1 {[%emt 0:00:15][%cal Ba1d1,Bd1d5,Bd5c5,Bc5c4,Bc4f4][%mdl 32] Hoping for Bc7.} O-O 19. Qb7 b4 (19... Ne5 $1 $11) 20. Nd5 (20. Rd6 $14 Qc4 21. Nd5) 20... Nxd5 (20... Kh8 $1 $11 {remains equal.}) 21. Rxd5 $16 {[%emt 0:00:02] Rfd1 is the strong threat.} Nf6 22. Rxc5 Qxa2 23. Qxb4 Nd5 24. Qc4 Qxc4 25. Rxc4 Nxf4 26. Rxf4 {[%emt 0:00:02][%mdl 4096] Endgame KRR-KRR} Rd2 27. b4 g6 28. h4 Rb8 29. Rc1 Rb7 30. g4 Ra2 31. h5 {[%emt 0:00:25] Strongly threatening h6.} Kg7 32. Kg2 Ra4 33. Rcc4 a5 34. bxa5 Rxa5 35. hxg6 $1 hxg6 36. Rc6 Rab5 37. Rcc4 (37. Kg3 $16) 37... R5b6 ({Black should play} 37... Ra5 $1 $11) 38. Rfd4 Rf6 39. g5 Rf5 40. f4 Ra5 41. Rd8 f6 42. gxf6+ Kxf6 43. Rc6+ Kf7 44. Rdd6 $1 g5 45. Rf6+ Ke7 $2 {[%emt 0:00:02][%mdl 8192] [#]} (45... Ke8 $16 {is a better chance.}) 46. Rfe6+ $2 (46. f5 $1 $18) 46... Kf7 47. Rf6+ $2 (47. fxg5 $11 Rxg5+ 48. Kf2) 47... Ke7 $18 {[%emt 0:00:01] [#]} 48. f5 $1 {[%emt 0:00:01] And now Rce6+ would win.} Re5 49. Rce6+ Rxe6 50. Rxe6+ {[%emt 0:00:00] KR-KR} Kf7 51. Kf3 Rb4 52. e4 Rb1 53. Rg6 Rf1+ 54. Ke3 Rg1 55. Kd4 {[%emt 0:00:09] Black must now prevent Kd5.} g4 56. Ke3 g3 57. Kf4 g2 58. Ke5 Kf8 59. f6 Kf7 60. Rg7+ Kf8 61. Rg3 ({Worse is} 61. Ke6 Re1 62. Rxg2 Rxe4+ 63. Kf5 Rh4 $11) 61... Kf7 62. Rg7+ Kf8 $1 63. Ke6 $2 (63. Rg5 {mates} Kf7 64. Rg3 Rf1 65. Rg7+ Ke8 66. Rxg2 Re1 67. Rg8+ Kf7 68. Rg7+ Kf8 69. Kf5) 63... Re1 $11 {[%emt 0:00:01] The position is equal.} 64. Rxg2 {[%emt 0:00:01] White wants to mate with e5.} Rxe4+ 65. Kf5 Re1 66. Kg6 Rf1 67. Rg5 Rf2 68. Rg4 Rf1 69. Ra4 Rg1+ 70. Kf5 Rf1+ 71. Ke6 Re1+ 72. Kf5 Rf1+ 73. Ke6 Re1+ 74. Kf5 {Black defended with fortune.  Weighted Error Value: White=0.24 (precise) /Black=0.60} 1/2-1/2

[Event "Superbet Blitz Poland 2022"]
[Site "Warsaw"]
[Date "2022.05.22"]
[Round "7.5"]
[White "Duda, Jan-Krzysztof"]
[Black "Korobov, Anton"]
[Result "1-0"]
[ECO "E12"]
[WhiteElo "2750"]
[BlackElo "2671"]
[Annotator "TA"]
[PlyCount "91"]
[EventDate "2022.05.22"]
[EventType "tourn"]
[EventCountry "POL"]
[SourceTitle "playchess.com"]
[Source "ChessBase"]
[SourceQuality "1"]
[TimeControl "300+2"]

1. d4 Nf6 2. c4 e6 3. Nf3 b6 4. a3 Bb7 5. Nc3 d5 6. cxd5 Nxd5 7. e3 g6 8. Bb5+ c6 9. Bd3 Bg7 10. h4 {[%emt 0:00:02] E12: Queen's Indian: Unusual White 4th moves, 4 a3, 4 Nc3 Bb7 5 a3 and 4 Nc3 Bb7 .} h6 (10... c5 {is more complex.} 11. h5 Nxc3 12. bxc3 O-O) 11. e4 Nxc3 12. bxc3 {[%emt 0:00:02] [#] The position is equal.} Nd7 $146 ({Predecessor:} 12... c5 13. Be3 Nd7 14. Qe2 Nf6 15. Bf4 O-O 16. Be5 cxd4 17. cxd4 Rc8 18. O-O Nh5 19. Bxg7 Kxg7 {½-½ (54) Roubalik,J (2391)-Howell,D (2658) Tornelo INT 2021}) 13. e5 c5 14. O-O ({Better is} 14. Qe2 $14) 14... cxd4 15. cxd4 Rc8 16. a4 O-O 17. Qe2 Bxf3 18. Qxf3 Rc3 (18... Qxh4 $11 19. Be3 Nb8) 19. Rd1 {[%emt 0:00:17] White is more active.} ({White has to play} 19. Ra3 $16 Rc7 20. Qe4) 19... Qxh4 20. Be3 (20. Bb2 $5 Qxd4 21. Bb5 (21. Bxc3 Qxc3 22. Bb5 Qxf3 $15) 21... Rxf3 22. Bxd4 Nxe5 23. Bxe5 Bxe5 24. gxf3 Bxa1 25. Rxa1 $11) 20... Rd8 (20... Rfc8 $11) 21. g3 $14 Qh3 22. Be4 h5 23. Rdc1 Rdc8 24. Rxc3 {[%emt 0:00:56] The board is on fire.} Rxc3 25. Rc1 Ra3 {[%emt 0:00:12] [#]} (25... Rxc1+ $11 26. Bxc1 Qg4) 26. Bc6 (26. Qf4 $18) 26... Nf8 $16 27. Be8 {[%emt 0:00:49] A strong pair of Bishops.} Kh7 {This costs Black the game.} (27... Qf5 $2 28. Qxf5 gxf5 29. Rc7 $18) (27... f6 $16 {was called for.}) 28. Bxf7 (28. Qxf7 $6 Rxe3 29. fxe3 Qxg3+ 30. Kf1 Qxe3) 28... h4 (28... Rxa4 $142 29. Be8 Rb4) 29. Qg2 $18 Qf5 30. Be8 hxg3 31. Qxg3 Bh6 $2 (31... Kg8 32. Qh4 Qf3) 32. Qh4 Rxe3 33. Rc7+ Kg8 34. Bf7+ (34. Qxh6 {is a self mate.} Re1+ 35. Kg2 Qe4+ 36. f3 Qe2+ 37. Kg3 Rg1+ 38. Kf4 Qd2+ 39. Ke4 Re1+) ({Less strong is} 34. fxe3 Bxe3+ 35. Kg2 (35. Kh2 g5 $17) 35... g5 $18) 34... Qxf7 35. Rxf7 Re1+ 36. Kg2 Kxf7 37. Qxh6 {[%emt 0:00:01][%mdl 4096] Endgame KQ-KRN} Ra1 (37... Re4 $142 38. Qd2 g5) 38. Qf4+ Ke8 39. Qe4 {[%emt 0:00:02] [#] aiming for Qc6+.} a5 40. Qc6+ Ke7 41. Qxb6 (41. d5 $142 exd5 42. Qf6+ Ke8 43. e6 Re1 44. Qf7+ Kd8 45. Qxf8+ Kc7 46. e7) 41... Rxa4 42. Qc7+ Nd7 43. Qd6+ Kd8 44. d5 Rg4+ 45. Kf1 Rd4 46. Qxe6 {[%emt 0:00:01] Weighted Error Value: White=0.24 (precise) /Black=1.01} 1-0

[Event "Superbet Blitz Poland 2022"]
[Site "Warsaw"]
[Date "2022.05.22"]
[Round "8.1"]
[White "Aronian, Levon"]
[Black "Korobov, Anton"]
[Result "1-0"]
[ECO "B50"]
[WhiteElo "2765"]
[BlackElo "2671"]
[Annotator "TA"]
[PlyCount "71"]
[EventDate "2022.05.22"]
[EventType "tourn"]
[EventCountry "POL"]
[SourceTitle "playchess.com"]
[Source "ChessBase"]
[SourceQuality "1"]
[TimeControl "300+2"]

1. e4 c5 2. Nf3 d6 3. c3 Nf6 4. Be2 g6 5. O-O Bg7 6. d3 O-O 7. Be3 {[%emt 0:00:01] B50: Sicilian: 2...d6, Miscellaneous.} Nc6 8. Nbd2 e5 {[%emt 0:00:19] now scores much better than the old 8...Ng4.} 9. a3 {[%emt 0:00:03] The position is equal.} h6 10. h3 {[%emt 0:00:01] [#]} Nh5 $146 ({Predecessor:} 10... Be6 11. b4 b6 12. b5 Na5 13. c4 Nh7 14. g4 f5 15. gxf5 gxf5 16. exf5 Bxf5 {0-1 (63) Aronian,L (2785)-Matlakov,M (2674) Chess.com INT 2022}) 11. Re1 Nf4 12. Bf1 g5 (12... Ne6 $5 ) 13. b4 b6 14. b5 Ne7 15. d4 cxd4 ({Black should play} 15... exd4 $11 16. cxd4 Ne6) 16. cxd4 $14 Neg6 17. a4 h5 18. dxe5 g4 19. hxg4 hxg4 20. Nd4 ({Of course not} 20. Bxf4 $6 Nxf4 21. Nd4 dxe5 $11) (20. Nh2 $16) 20... dxe5 21. Nf5 Qg5 (21... Bxf5 $2 22. exf5 Ne7 23. Qxg4 $18) 22. a5 $36 {[%emt 0:00:32][%mdl 2048] White is pushing.} bxa5 (22... Rb8 $11 {keeps the balance.}) 23. Rxa5 $16 Bxf5 24. exf5 Qxf5 25. Rxa7 (25. Qb1 $142 $1 Qd7 26. Nc4) 25... Rad8 {[%emt 0:00:01] [#]} (25... Nd5 $142 26. Nc4 e4) 26. Qb1 $1 Qh5 {[%emt 0:00:06] [#] This costs Black the game.} (26... Nh4 $16 {is a better defense.} 27. b6 Qxb1 28. Rxb1 Nf5) 27. Ne4 $1 $18 Nh4 28. Ng3 Qg5 29. b6 f5 30. b7 Nh3+ 31. gxh3 f4 32. Ne4 Qh5 {[%emt 0:00:23] [#]} 33. Rd1 $1 {[%emt 0:00:55] Intending Rxd8 and mate.} gxh3 (33... Nf3+ 34. Kh1) 34. Rxd8 Qg4+ 35. Kh1 Rxd8 36. b8=Q {[%emt 0:00:02] Weighted Error Value: White=0.13 (very precise) /Black=0.79} 1-0

[Event "Superbet Blitz Poland 2022"]
[Site "Warsaw"]
[Date "2022.05.22"]
[Round "8.2"]
[White "Gavrilescu, David"]
[Black "Duda, Jan-Krzysztof"]
[Result "0-1"]
[ECO "B29"]
[WhiteElo "2518"]
[BlackElo "2750"]
[Annotator "TA"]
[PlyCount "74"]
[EventDate "2022.05.22"]
[EventType "tourn"]
[EventCountry "POL"]
[SourceTitle "playchess.com"]
[Source "ChessBase"]
[SourceQuality "1"]
[TimeControl "300+2"]

1. e4 c5 2. Nf3 Nf6 3. e5 Nd5 4. Nc3 Nxc3 5. dxc3 Nc6 6. Bf4 e6 7. Qd2 h6 {[%emt 0:00:05] B29: Sicilian: 2 Nf3 Nf6 (Nimzowitsch Variation).} 8. h4 a6 $5 {[%emt 0:00:03][%mdl 4] A promising side line.} 9. c4 Qc7 {[%emt 0:00:07] White is slightly better.} 10. h5 b6 {[%emt 0:00:09] [#]} 11. O-O-O $146 ({Predecessor:} 11. Be2 Bb7 12. c3 O-O-O 13. O-O-O Ne7 14. Qd6 g5 15. Qxc7+ Kxc7 16. Bh2 Be4 17. Rd2 {½-½ (48) Khanin,S (2510)-Kokarev,D (2604) St Petersburg 2018}) 11... Bb7 12. Be2 (12. Kb1 $14) 12... b5 13. Rh3 (13. cxb5 axb5 14. Kb1 (14. Bxb5 Rxa2 15. c3 Be7 $15) 14... c4 $11) 13... Na5 (13... bxc4 $11 14. Bxc4 Na5) 14. cxb5 $16 axb5 15. Bxb5 Bd5 16. a4 Qb7 17. Qe2 {[%emt 0:01:06] Inhibits Nc4.} c4 (17... Bc6 $16 18. Rg3 Rb8) 18. Nd4 $18 Bxg2 19. Nxe6 $2 {[%emt 0:00:25] [#]} fxe6 $11 (19... Bxh3 20. Rxd7 Qxb5 21. Rd8+ (21. axb5 Bxe6 22. Qe4 Nb3+ 23. cxb3 Ra1+ 24. Kc2 cxb3+ 25. Kc3 Bxd7 $11) 21... Rxd8 22. Nc7+ Kd7 23. Nxb5 $18) 20. Bxd7+ Qxd7 ({Don't take} 20... Kf7 21. Qg4 Bxh3 22. Bxe6+ Ke7 23. Qxh3 $18) 21. Rxd7 Kxd7 {[%emt 0:00:00] Chess con chili.} 22. Rg3 (22. Rh4 $1 $11 Bd5 23. Be3) 22... Bd5 $15 23. Bd2 $1 Nc6 24. Bc3 ({White should try} 24. b3 $15 Ba3+ 25. Kb1) 24... Rxa4 $17 25. Qe3 (25. Rg4 $17 Ra1+ 26. Kd2) 25... Kc7 {[%emt 0:00:16][%cal Bd7c7,Bc7d8,Bd8c8][%mdl 32] Strongly threatening ...Ra1+.} 26. Qf4 (26. Kb1 $142) 26... Ra1+ $19 27. Kd2 Ra7 {[%emt 0:00:01][%cal Ba1a7,Ba7d7,Bd7f7][%mdl 32] [#] Threatens to win with ...Kb6.} 28. Qf7+ $2 (28. Bd4 Nxd4 29. Qxd4) 28... Kd8 29. Qf4 Kc8 {[%emt 0:00:03] aiming for ...Bc5.} 30. Bd4 {[%emt 0:00:03] Against Bc5} Rd7 31. c3 (31. Kc1) 31... Nxd4 32. cxd4 Bb4+ 33. Kc2 Rf8 {[%emt 0:00:00] Black mates.} 34. Qe3 Rdf7 35. f4 Rxf4 36. Rxg7 Rf2+ 37. Kb1 Rf1+ {[%emt 0:00:02] Never resign too early!  Weighted Error Value: White=0.77/Black=0.25 (precise)} 0-1

[Event "Superbet Blitz Poland 2022"]
[Site "Warsaw"]
[Date "2022.05.22"]
[Round "8.4"]
[White "Anand, Viswanathan"]
[Black "Rapport, Richard"]
[Result "1/2-1/2"]
[ECO "B51"]
[WhiteElo "2751"]
[BlackElo "2776"]
[Annotator "TA"]
[PlyCount "119"]
[EventDate "2022.05.22"]
[EventType "tourn"]
[EventCountry "POL"]
[SourceTitle "playchess.com"]
[Source "ChessBase"]
[SourceQuality "1"]
[TimeControl "300+2"]

1. e4 c5 2. Nf3 d6 3. Bb5+ Nd7 4. d4 cxd4 5. Nxd4 a6 6. Bd3 {[%emt 0:00:02] B51: Sicilian: Moscow Variation (3 Bb5+) without 3...Bd7.} g6 7. c4 Bg7 8. Be3 {[%emt 0:00:10] [#] White is slightly better.} Qb6 $146 ({Predecessor:} 8... Ngf6 9. Nc3 O-O 10. Be2 e6 11. O-O d5 12. exd5 exd5 13. cxd5 Nb6 14. Bg5 Nbxd5 {½-½ (85) Esipenko,A (2720)-Parkhov,Y (2434) Chess.com INT 2021}) 9. Nb3 Qc7 10. Nc3 (10. Qd2 $11) 10... Bxc3+ $15 11. bxc3 Ngf6 12. O-O b6 13. f3 h5 14. a4 a5 15. Nd4 Ne5 16. Nb5 Qc6 17. Be2 $36 {[%emt 0:00:15][%mdl 2048] Black is under pressure.} Be6 (17... O-O $11 {feels stronger.}) 18. Nd4 (18. f4 $5 ) 18... Qc5 19. Nf5 Qc8 (19... Qc7 $14 20. Ng7+ Kf8 21. Nxe6+ fxe6) 20. Ng7+ $16 Kf8 21. Nxe6+ Qxe6 22. Bxb6 Nxc4 23. Bd4 Rc8 (23... h4 $142) 24. Rb1 h4 25. Rb5 Rh5 (25... h3 $16) 26. Qb3 ({White should play} 26. Rxh5 $18 Nxh5 27. f4) 26... h3 27. g4 Rxb5 28. axb5 Nd7 29. Ra1 d5 (29... Ndb6 $14) 30. Bxc4 dxc4 31. Qd1 Ra8 $2 (31... Qd6 $16) 32. Qf1 $18 f6 33. Qxh3 Kg7 {[%emt 0:00:01] [#]} 34. Qg3 $1 g5 35. Qc7 Ne5 36. Bxe5 Qxe5 (36... fxe5 $142 37. Ra2 (37. Rxa5 Rxa5 38. Qxa5 Qd7 $16) 37... a4) 37. Qxe5 ({And not} 37. Qxc4 Rd8 38. Rf1 (38. Rxa5 {is a self mate.} Rd2 39. f4 Qxf4) 38... Rd2 $14) 37... fxe5 {[%emt 0:00:00][%mdl 4096] Endgame KR-KR} 38. Ra4 Kf6 $2 (38... Rd8 39. Rxa5 Rd1+ 40. Kg2 Rb1) 39. Rxc4 Ke6 (39... a4 $142 40. Rc6+ Kg7) 40. Ra4 Kd6 41. c4 Kc5 42. Kg2 Kb6 43. Kg3 {[%emt 0:00:01] [#] h4 is the strong threat.} Rh8 44. Ra1 $2 (44. Ra2 Rc8 45. Ra4) 44... Rh6 $2 (44... e6 45. Kg2 Rh7) 45. Rd1 Rd6 46. Rc1 {[%emt 0:00:06] Intending c5+ and mate.} Rh6 47. h3 (47. Ra1 $142 Rh4 48. Rd1) 47... Kc5 $2 (47... a4 {was worth a try.} 48. Ra1 Ka5) 48. Ra1 Kb6 49. Rd1 {[%emt 0:00:02] Hoping for Rd8.} Rd6 50. Rg1 {[%emt 0:00:27] Strongly threatening h4.} Rh6 {[%emt 0:00:02] Inhibits h4.} 51. h4 $2 (51. Ra1 $18) 51... Rxh4 $11 {[%emt 0:00:04] The position is equal.} 52. Rd1 {[%emt 0:00:01] Black must now prevent Rd8.} Rh8 {[%emt 0:00:06] Inhibits Rd8.} 53. Ra1 Ra8 54. Ra4 Rd8 55. Kf2 Rd3 56. Ke2 Rc3 57. Kf2 Rb3 58. Ke2 Rc3 59. Kf2 Rb3 60. Ke2 {[%emt 0:00:01] Black escapes into a draw.  Weighted Error Value: White=0.26 (precise) /Black=0.42} 1/2-1/2

[Event "Superbet Blitz Poland 2022"]
[Site "Warsaw"]
[Date "2022.05.22"]
[Round "9.1"]
[White "Caruana, Fabiano"]
[Black "Aronian, Levon"]
[Result "1/2-1/2"]
[ECO "A18"]
[WhiteElo "2786"]
[BlackElo "2765"]
[Annotator "TA"]
[PlyCount "114"]
[EventDate "2022.05.22"]
[EventType "tourn"]
[EventCountry "POL"]
[SourceTitle "playchess.com"]
[Source "ChessBase"]
[SourceQuality "1"]
[TimeControl "300+2"]

1. c4 Nf6 2. Nc3 e6 3. e4 d5 4. e5 d4 5. exf6 dxc3 6. bxc3 Qxf6 7. Nf3 b6 {[%emt 0:00:08] A18: English Opening: Flohr-Mikenas System (1 c4 Nf6 2 Nc3 e6 3 e4).} 8. g3 Bb7 9. Bg2 Bd6 10. d4 {[%emt 0:00:02] [#] Threatens to win with Bg5.} h6 {[%emt 0:00:03] Inhibits Bg5.} 11. O-O O-O 12. Re1 Rd8 13. Qd3 Nd7 {[%emt 0:00:25][%cal Bb8d7,Bd7f6,Bf6e4][%mdl 32] [#]} 14. h4 $146 ({Predecessor:} 14. a4 e5 15. Ra2 exd4 16. cxd4 Bb4 17. Re3 Nc5 18. Qe2 Ne6 19. d5 Nf8 20. Bb2 {½-½ (38) Aronian,L (2773)-Duda,J (2753) chess24.com INT 2020}) 14... Qf5 (14... Rab8 {with more complications.} 15. Ng5 Qf5 16. Ne4 e5) 15. Qxf5 exf5 16. a4 a5 17. Be3 Nf6 18. c5 bxc5 19. dxc5 Bf8 20. Bd4 Ne4 21. Ne5 Bd5 22. c6 Bd6 23. g4 Bxe5 24. Bxe5 Re8 (24... Bxc6 $2 25. gxf5 Re8 26. Rxe4 $18 (26. Bxe4 Bxe4 27. Rxe4 f6 $16)) 25. f4 fxg4 26. Bxe4 Bxe4 27. Rxe4 f6 28. Rd1 fxe5 29. fxe5 $11 {[%emt 0:00:01][%mdl 4096] Endgame KRR-KRR} Ra6 30. Rd7 Rxc6 31. Rxg4 g6 32. Rd5 Kf7 33. c4 Rb6 (33... Rb8 $11 {is superior.}) 34. Rxa5 $14 Rb2 35. Rd5 (35. Rc5 $14) 35... Ra2 36. a5 Ra8 37. e6+ Kf6 38. Re4 {[%emt 0:00:05] Strongly threatening Rd7.} Re8 39. Rde5 Re7 40. Re3 c6 {[%emt 0:00:03] [#]} (40... c5 $11 {keeps the balance.}) 41. Rc5 ({White should play} 41. Re2 $1 $16 Ra4 42. Rc5) 41... Rxe6 $11 {[%emt 0:00:02] The position is equal.} (41... g5 {seems wilder.} 42. h5 g4 43. Rce5 c5) 42. Rxe6+ Kxe6 43. Rxc6+ {[%emt 0:00:00] KR-KR} Kf5 44. a6 {[%emt 0:00:02] Hoping for c5.} h5 45. c5 {[%emt 0:00:01] aiming for Rb6.} g5 46. hxg5 Kxg5 47. Rd6 Kf5 48. Rh6 Ke5 49. Kf1 Kd5 50. Rxh5+ (50. c6 $5 Rxa6 51. Kg2 $11) 50... Kd4 51. c6 {[%emt 0:00:03] White wants to mate with c7.} Rxa6 52. Rh6 Kd5 53. c7 Ra1+ 54. Ke2 Rc1 55. Rh7 Kd6 56. Kd2 Rxc7 57. Rxc7 Kxc7 {[%emt 0:00:01] Weighted Error Value: White=0.07 (flawless) /Black=0.07 (flawless)} 1/2-1/2